 Dungeon Crawl Stone Soup version 0.32-a0-928-g1cae6b7ea0 (webtiles) character file.

Game seed: 7996164185605793586

142247 freelancePsychic the Convoker (level 16, -5/136 HPs)
             Began as a Demonspawn Wanderer on Apr 12, 2024.
             Was an Initiate of Gozag.
             Killed from afar by an eleionoma (37 damage)
             ... with a spray of wooden splinters
             ... on level 2 of the Swamp.
             The game lasted 01:19:24 (26690 turns).

freelancePsychic the Convoker (DsWn)               Turns: 26690, Time: 01:19:25

Health: -5/136     AC: 17    Str: 17    XL:     16   Next: 80%
Magic:  0/27       EV: 11    Int: 22    God:    Gozag
Gold:   4764       SH:  0    Dex:  9    Spells: 8/30 levels left

rFire   + + .        W - staff of the Sheltering King {rF++ rN+ Int+2 Necro}
rCold   . . .        (no shield)
rNeg    + . .        d - +0 ring mail
rPois   .            V - +0 helmet
rElec   .            P - +0 cloak
rCorr   .            v - +0 pair of gloves
SInv    .            j - +2 pair of boots
Will    .....        A - amulet of regeneration
Stlth   ++           z - +4 ring of protection
HPRegen 1.22/turn    w - ring of wizardry
MPRegen 0.40/turn

%: guardian spirit, wizardry (x1)
@: weak-willed, studying Ice Magic
A: claws 2, demonic guardian 2, magic shield, magic regeneration, sturdy frame 2
a: Renounce Religion, Potion Petition, Call Merchant, Bribe Branch


You were on level 2 of the Swamp.
You worshipped Gozag.
Gozag was most pleased with you.
You visited 3 branches of the dungeon, and saw 22 of its levels.
You also visited: Ice Cave.

You collected 8069 gold pieces.
You spent 884 gold pieces at shops.
You paid 2421 gold pieces to Gozag.

Inventory:

Missiles
 n - 2 boomerangs
 H - 4 poisoned darts
 O - 5 throwing nets (quivered)
 Q - 2 datura-tipped darts
Armour
 d - a +0 ring mail (worn)
 j - a +2 pair of boots (worn)
 v - a +0 pair of gloves (worn)
 P - a +0 cloak (worn)
 V - a +0 helmet (worn)
Magical Staves
 D - a staff of cold
 W - the staff of the Sheltering King (weapon) {rF++ rN+ Int+2 Necro}
   (You found it on level 10 of the Dungeon)

   [staff of death]

   Base accuracy: +5 Base damage: 5 Base attack delay: 1.2 This weapon's minimum
   attack delay (0.6) is reached at skill level 12.
   Int+2:     It affects your intelligence (+2).
   rF++:      It greatly protects you from fire.
   rN+:       It protects you from negative energy.
   Necro:     It increases the power of your Necromancy spells.
   It falls into the 'Staves' category.
   It is a one-handed weapon.
Jewellery
 g - a ring of see invisible
 o - a ring of fire
 w - a ring of wizardry (right hand)
 z - a +4 ring of protection (left hand)
 A - an amulet of regeneration (around neck)
 E - a ring of protection from fire
 L - a ring of protection from cold
 N - a +4 ring of protection
 U - a ring of poison resistance
 Z - a ring of protection from cold
Wands
 b - a wand of paralysis (10)
 r - a wand of digging (4)
 t - a wand of mindburst (23)
 x - a wand of flame (5)
 y - a wand of roots (5)
 K - a wand of quicksilver (3)
Scrolls
 a - 2 scrolls of poison
 c - a scroll of enchant weapon
 f - 8 scrolls of amnesia
 k - 2 scrolls of enchant armour
 l - 6 scrolls of revelation
 F - 2 scrolls of noise
 M - a scroll of brand weapon
 R - 3 scrolls of silence
 S - a scroll of teleportation {@r4}
 T - 5 scrolls of identify {@r1}
Potions
 e - a potion of curing {@q1}
 h - 6 potions of attraction
 i - 7 potions of might
 m - 4 potions of enlightenment
 p - 9 potions of mutation
 q - 2 potions of lignification
 s - 15 potions of degeneration
 u - 2 potions of brilliance {unknown}
 B - 3 potions of berserk rage {unknown}
 C - 5 potions of ambrosia
 G - 2 potions of heal wounds {@q2}
 J - a potion of invisibility
 X - 4 potions of cancellation
 Y - 3 potions of haste {@q3}


   Skills:
 - Level 15.0 Fighting
 - Level 4.0 Short Blades
 - Level 6.6 Armour
 + Level 3.7 Dodging
 - Level 3.6 Stealth
 + Level 7.5 Spellcasting
 - Level 7.2 Hexes
 + Level 16.2 Summonings
 - Level 12.4 Translocations
 - Level 4.0 Ice Magic
 - Level 1.0 Air Magic


You had 8 spell levels left.
You knew the following spells:

 Your Spells              Type           Power      Damage    Failure   Level
a - Malign Gateway        Summ/Tloc      32%        N/A       8%          7
b - Summon Ice Beast      Ice/Summ       52%        N/A       1%          3
c - Summon Mana Viper     Hex/Summ       56%        N/A       1%          5
d - Monstrous Menagerie   Summ           34%        N/A       3%          7

Your spell library contained the following spells:

 Spells                   Type           Power      Damage    Failure   Level
 Freeze                   Ice            100%       1d10      1%          1
 Blink                    Tloc           100%       N/A       1%          2
 Lesser Beckoning         Tloc           100%       N/A       1%          2
 Momentum Strike          Conj/Tloc      70%        3d9       1%          2
 Frozen Ramparts          Ice            50%        1d8       1%          3
 Tukima's Dance           Hex            40%        N/A       1%          3
 Cause Fear               Hex            20%        N/A       1%          4
 Dimensional Bullseye     Hex/Tloc       25%        N/A       1%          4
 Passage of Golubria      Tloc           58%        N/A       1%          4
 Shock                    Conj/Air       40%        1d5       2%          1
 Iskenderun's Mystic Bla Conj/Tloc 35%            2d8        (+2d4     2%          4
 Foxfire                  Conj/Fire      32%        2x1d5     3%          1
 Cigotuvi's Dreadful Rot  Necr/Alch/Air  28%        N/A       4%          2
 Hailstorm                Conj/Ice       17%        3d6       4%          3
 Swiftness                Air            12%        N/A       7%          3
 Silence                  Hex/Air        13%        N/A       16%         5
 Summon Horrible Things   Summ           34%        N/A       26%         8
 Brom's Barrelling Bould  Conj/Erth      8%         2d3       32%         4
 Ignite Poison            Fire/Alch      8%         N/A       32%         4
 Olgreb's Toxic Radiance  Alch           8%         N/A       32%         4
 Petrify                  Alch/Erth      8%         N/A       32%         4
 Sticky Flame             Fire/Alch      8%         2d4       32%         4
 Fireball                 Conj/Fire      4%         3d4       65%         5
 Permafrost Eruption      Ice/Erth       8%         2x4d3     89%         6
 Sculpt Simulacrum        Ice/Alch       8%         N/A       89%         6
 Plasma Beam              Fire/Air       5%         2x1d15    98%         6
 Starburst                Conj/Fire      4%         6d3       99%         6
 Ozocubu's Refrigeration  Ice            12%        4d10      99%         7
 Discord                  Hex            20%        N/A       100%        8
 Ignition                 Fire           4%         3d4       100%        8
 Lehudib's Crystal Spear  Conj/Erth      4%         10d3      100%        8
 Dragon's Call            Summ           34%        N/A       98%         9


Dungeon Overview and Level Annotations

Branches:
Dungeon (15/15)            Temple (0/1) D:4            Lair (5/5) D:11
  Swamp (2/4) Lair:2       Spider (0/4) Lair:3        Slime (0/5) Lair:5
    Orc (0/2) D:10         Vaults (0/5) D:13         Depths (0/4) D:15
  IceCv (visited)

Altars:
Fedhas
Gozag
Kikubaaqudgha
Makhleb
Nemelex Xobeh
Okawaru
Sif Muna
Uskayaw
Vehumet
Xom
Jiyva

Shops:
D:10 :   D:11 *   D:12 *   Lair:1 !

Annotations:
D:5 exclusions: door and shadow
D:9 5 runed translucent doors, porpoise's ghost, journeyman MiHu


Innate Abilities, Weirdness & Mutations

You have very sharp fingernails.
A demonic guardian rushes to your aid.
When hurt, damage is shared between your health and your magic reserves.
You regenerate magic rapidly.
Your movements are less encumbered by armour. (ER -4)


Message History

The swamp worm closely misses you.
You hit the swamp worm.
The swamp worm is lightly wounded.
The swamp worm bites you but does no damage.
The swamp worm bites you!
The eleionoma flows through the trees.
The eldritch tentacle slaps you! The eldritch tentacle shocks you!!
The eldritch tentacle claws you!
Your willpower is stripped away!
The swamp worm misses you.
You see here 21 gold pieces.
The eleionoma attacks as it pursues you!
The eleionoma hits you!
The swamp worm fires a harpoon shot at you.
The harpoon shot hits you!!
* * * LOW HITPOINT WARNING * * *
You are yanked forward by the harpoon shot.
Splash!
You fall into the shallow water.
Moving in this stuff is going to be slow.
The eldritch tentacle slaps you!!
* * * LOW HITPOINT WARNING * * *
You are engulfed in flames.
You resist.
* * * LOW HITPOINT WARNING * * *
The eldritch tentacle claws you but does no damage.
You see here 21 gold pieces.
Blink to where?
Press: ? - help, Dir - move target
Found 19 gold pieces.
As you read the scroll of blinking, it crumbles to dust.
The eleionoma flows through the trees.
You feel much better. The eleionoma hits you!
* * * LOW HITPOINT WARNING * * *
A demonic guardian appears!
You feel much better.
Your sixfirhy closely misses the eleionoma.
Your sixfirhy splashes around in the water.
Your sixfirhy barely misses the eleionoma.
The eleionoma hurls a spray of splinters at you.
The spray of wooden splinters hits you!!!
You die...
Your body crumbles into a pile of gold.

♣.~..~..~/~~.~~~~.~~♣♣
♣~~~~~~~~~~..~~~~~~.~♣♣ ♣♣
♣~~~~~.$$..~~~♣~..~~~.♣♣.♣♣
...~~~♣~~.w~~~.♣♣.~~♣~.~.♣.♣
♣.<.~~.~~.~$.~§♣♣~~~~~~~~.♣
♣$~~~~♣.♣.~~.~.♣♣♣.~♣~~~~.♣
♣♣~~.~~.~.~~?~..♣♣♣.~~~.~~♣
♣♣♣.~~.~..~~..R3..~~~~.♣~♣
♣♣~..~§~~~~~@~.§~.~.♣♣~♣♣
♣♣♣.~.~.~~~.~....♣♣♣♣♣.♣
♣♣♣♣♣.~..♣♣♣♣♣♣♣ ♣<♣♣ ♣♣....
♣♣.♣ ♣♣$. ♣.♣ ♣.♣ ♣♣♣ ♣~ ♣~


You could see an eleionoma (ally target), a swamp worm and a friendly sixfirhy
(summoned).

Vanquished Creatures
  A frost giant (IceCv)
  A death yak (IceCv)
  4 nameless horrors
  A spriggan druid (Swamp:1)
  A will-o-the-wisp (Swamp:1)
  2 meliai (Lair:4)
  2 rime drakes (IceCv)
  A hornet (D:9)
  A polar bear (IceCv)
  A blink frog (Lair:4)
  11 yaks
  Eustachio (D:4)
  2 steam dragons (D:8)
  2 vampire mosquitoes (Swamp:1)
  2 water moccasins
  An orc warrior (D:6)
  A sky beast (D:6)
  2 ice beasts
  2 black bears
  3 wolves (IceCv)
  A phantom (D:6)
  2 kobold brigands
  5 bullfrogs
  2 scorpions
  3 wights (D:8)
  13 killer bees
  3 howler monkeys
  A bombardier beetle (D:3)
  2 orc priests
  3 hounds
  A gnoll bouda (D:9)
  4 iguanas
  A sleepcap (D:7)
  Jessica (D:3)
  Ijyb (D:3)
  Terence (D:3)
  3 orc wizards
  2 gnolls (D:7)
  8 adders
  2 white imps
  2 dart slugs
  2 ribbon worms (D:2)
  14 orcs
  4 ball pythons
  7 endoplasms
  14 goblins
  6 hobgoblins
  4 jackals (D:4)
  A quokka (D:2)
  4 bats (D:1)
  2 frilled lizards (D:3)
  18 kobolds
  4 rats
183 creatures vanquished.

Vanquished Creatures (collateral kills)
  Jorgrun (D:14)
  Rupert (D:12)
  An eldritch tentacle (D:15)
  Roxanne (Swamp:1)
  A very ugly thing (D:15)
  A dire elephant (D:15)
  6 hydras
  A ghost crab (Swamp:1)
  2 catoblepae
  2 alligators
  3 centaur warriors
  A merfolk avatar (Lair:5)
  7 two-headed ogres
  9 death yaks
  Erica (Lair:2)
  A boulder beetle (Lair:1)
  Nergalle (D:12)
  A skyshark (Lair:4)
  2 sea snakes
  A salamander mystic (D:15)
  2 goliath frogs (Swamp:1)
  A spriggan druid (Swamp:1)
  2 swamp dragons
  2 bog bodies (Swamp:1)
  3 deep elf zephyrmancers (D:13)
  7 deep elf pyromancers (D:13)
  2 orc knights
  5 ugly things
  2 harpies (Lair:5)
  A wolf spider (D:15)
  3 manticores
  A meliai (Lair:4)
  3 cyclopes
  6 black mambas
  20 elephants
  2 torpor snails
  An ice statue (IceCv)
  3 gargoyles
  12 cane toads
  A kobold demonologist (D:13)
  11 rime drakes
  2 freezing wraiths (D:14)
  18 komodo dragons
  A queen bee (Lair:4)
  12 trolls
  4 hornets
  8 tyrant leeches
  A wind drake (Lair:5)
  8 nameless horrors
  10 blink frogs
  7 polar bears
  A snapping turtle (Lair:5)
  6 dream sheep (Lair:5)
  10 slime creatures
  2 shadows
  7 spriggans (Swamp:1)
  65 yaks
  Grum (D:11)
  7 basilisks
  5 wyverns
  A basilisk (shapeshifter) (D:9)
  4 steam dragons (Lair:5)
  3 swamp worms (Swamp:1)
  2 redbacks (Lair:3)
  10 vampire mosquitoes
  2 acid dragons
  14 water moccasins
  A black bear (shapeshifter) (D:13)
  A sky beast (D:6)
  4 laughing skulls
  5 orc warriors
  A swamp drake (D:10)
  A black bear (Lair:1)
  3 ogres
  20 wolves
  4 centaurs
  A kobold brigand (D:10)
  A brain worm (shapeshifter) (D:13)
  7 bullfrogs
  A gnoll sergeant (D:6)
  8 wights
  34 killer bees
  A hound (D:6)
  6 orc priests
  2 sleepcaps (D:6)
  Natasha (twice) (D:3)
  2 iguanas (D:11)
  6 orc wizards
  3 gnolls (D:6)
  2 adders
  31 orcs
  3 hobgoblins (D:10)
495 creatures vanquished.

Vanquished Creatures (others)
  18 eldritch tentacles
  2 gnolls (D:7)
  An endoplasm (D:4)
  3 foxfires (Swamp:1)
24 creatures vanquished.

Grand Total: 702 creatures vanquished

Notes
Turn   | Place    | Note
-------+----------+-------------------------------------------
     0 | D:1      | freelancePsychic the Demonspawn Wanderer began the quest
                  | for the Orb.
     0 | D:1      | freelancePsychic set off with the following items: a +0
                  | dagger, 2 atropa-tipped darts, 2 datura-tipped darts, a +0
                  | ring mail, a potion of curing {@q1}; and the following
                  | spell memorised: Shock; and the following spells available
                  | to memorise: Swiftness.
     0 | D:1      | Reached XP level 1. HP: 15/15 MP: 3/3
   240 | D:1      | Gained mutation: Your movements are slightly less
                  | encumbered by armour. (ER -2) [demonic ancestry]
   240 | D:1      | Reached XP level 2. HP: 16/21 MP: 5/5
   879 | D:2      | Found a faded altar of an unknown god.
   894 | D:2      | Prayed at the altar of an unknown god.
   894 | D:2      | Became a worshipper of Gozag Ym Sagoz the Greedy
  1067 | D:2      | Reached skill level 1 in Short Blades
  1193 | D:2      | Gained mutation: You regenerate magic rapidly. [demonic
                  | ancestry]
  1193 | D:2      | Reached XP level 3. HP: 14/27 MP: 6/6
  1616 | D:2      | Gained mutation: You have sharp fingernails. [demonic
                  | ancestry]
  1616 | D:2      | Reached XP level 4. HP: 21/34 MP: 8/8
  1898 | D:3      | Noticed Jessica
  1905 | D:3      | Killed Jessica
  2122 | D:3      | Noticed Ijyb
  2129 | D:3      | Paralysed by Ijyb for 2 turns
  2134 | D:3      | Paralysed by Ijyb for 5 turns
  2143 | D:3      | Paralysed by Ijyb for 3 turns
  2150 | D:3      | Killed Ijyb
  2151 | D:3      | Reached XP level 5. HP: 39/41 MP: 9/9
  2748 | D:4      | Noticed Eustachio
  2778 | D:4      | Killed Eustachio
  2779 | D:4      | Reached XP level 6. HP: 43/48 MP: 10/10
  2795 | D:4      | Found a staircase to the Ecumenical Temple.
  3068 | D:4      | Reached skill level 1 in Summonings
  3077 | D:4      | Reached skill level 1 in Ice Magic
  3246 | D:4      | Reached skill level 2 in Summonings
  3623 | D:5      | Entered Level 5 of the Dungeon
  3657 | D:5      | Found an ancient bone altar of Kikubaaqudgha.
  3817 | D:5      | Reached XP level 7. HP: 54/54 MP: 11/11
  4158 | D:5      | Noticed a shadow
  4249 | D:5      | Reached skill level 3 in Summonings
  4418 | D:5      | Learned a level 3 spell: Summon Ice Beast
  4709 | D:5      | Reached skill level 1 in Hexes
  5044 | D:3      | Noticed Natasha
  5055 | D:3      | Killed Natasha
  5081 | D:3      | Noticed Terence
  5093 | D:3      | Killed Terence
  5347 | D:3      | Found a burning altar of Makhleb.
  5353 | D:3      | Noticed Natasha
  5363 | D:3      | Killed Natasha
  5401 | D:3      | Reached XP level 8. HP: 61/61 MP: 9/12
  5459 | D:6      | Reached skill level 4 in Summonings
  5590 | D:6      | Identified the amulet of the Pharaoh's Fist {Spirit rF-
                  | Will+ SInv}
  5593 | D:6      | Found an opulent altar of Gozag.
  5693 | D:6      | Reached skill level 5 in Fighting
  5766 | D:6      | Reached skill level 5 in Summonings
  5781 | D:6      | Found a radiant altar of Vehumet.
  6166 | D:6      | Reached XP level 9. HP: 40/69 MP: 11/13
  6274 | D:6      | Learned a level 5 spell: Summon Mana Viper
  6292 | D:7      | Found a blossoming altar of Fedhas.
  6470 | D:7      | Reached skill level 6 in Summonings
  6564 | D:7      | Found a sparkling altar of Nemelex Xobeh.
  7059 | D:8      | Reached skill level 5 in Hexes
  7431 | D:8      | Reached skill level 7 in Summonings
  8095 | D:8      | Found a shimmering blue altar of Sif Muna.
  8264 | D:9      | Noticed a troll
  8274 | D:9      | Killed a troll
  8275 | D:9      | Gained mutation: A weak demonic guardian rushes to your
                  | aid. [demonic ancestry]
  8275 | D:9      | Reached XP level 10. HP: 58/80 MP: 12/14
  8490 | D:9      | Noticed a nameless horror
  8550 | D:9      | Killed a nameless horror
  8571 | D:9      | Noticed porpoise's ghost (journeyman MiHu)
  8575 | D:9      | Noticed a tengu warrior
  8640 | D:9      | Found a runed translucent gate.
  8640 | D:9      | Found a runed translucent gate.
  8641 | D:9      | Found a runed translucent gate.
  8710 | D:9      | Found an iron altar of Okawaru.
  8847 | D:9      | Found a large runed translucent door.
  8847 | D:9      | Found a large runed translucent door.
  8851 | D:9      | Noticed a two-headed ogre
  8853 | D:9      | Noticed a manticore
  8867 | D:9      | Killed a two-headed ogre
  8868 | D:9      | Reached skill level 8 in Summonings
  9007 | D:9      | Found a large runed translucent door.
  9007 | D:9      | Found a large runed translucent door.
  9037 | D:9      | Noticed a two-headed ogre
  9037 | D:9      | Noticed a two-headed ogre
  9047 | D:9      | Killed a two-headed ogre
  9062 | D:9      | Killed a two-headed ogre
  9082 | D:9      | Reached skill level 9 in Summonings
  9410 | D:9      | Found a shimmering altar of Xom.
  9467 | D:9      | Killed a manticore
  9468 | D:9      | Gained mutation: A demonic guardian rushes to your aid.
                  | [demonic ancestry]
  9468 | D:9      | Reached XP level 11. HP: 76/89 MP: 10/18
  9506 | D:9      | Got the Secrets of Electrocution and Spelunking
  9572 | D:10     | Entered Level 10 of the Dungeon
  9786 | D:10     | Reached skill level 5 in Spellcasting
  9790 | D:10     | Reached skill level 1 in Translocations
 10165 | D:10     | Identified the staff of the Sheltering King {rF++ rN+ Int+2
                  | Necro}
 10439 | D:10     | Found a staircase to the Orcish Mines.
 10885 | D:10     | Noticed an orc knight
 10896 | D:10     | Killed an orc knight
 10897 | D:10     | Reached skill level 10 in Fighting
 11140 | D:10     | Bought a Grand Grimoire for 442 gold pieces
 11148 | D:10     | Learned a level 7 spell: Monstrous Menagerie
 11442 | D:11     | Reached skill level 10 in Summonings
 11537 | D:11     | Noticed a death yak
 11573 | D:11     | Found Giffes's Fire Supplies.
 11724 | D:11     | Noticed Grum
 11735 | D:11     | Killed Grum
 11899 | D:11     | Killed a death yak
 12045 | D:11     | Found a staircase to the Lair.
 12156 | D:12     | Noticed a two-headed ogre
 12164 | D:12     | Killed a two-headed ogre
 12165 | D:12     | Reached XP level 12. HP: 87/99 MP: 14/22
 12179 | D:12     | Found Plog's Overcharged Wands.
 12260 | D:12     | Found a frozen archway.
 12264 | IceCv    | Entered an ice cave
 12368 | IceCv    | Noticed a death yak
 12383 | IceCv    | Killed a death yak
 12452 | IceCv    | Reached skill level 5 in Translocations
 12542 | IceCv    | Noticed a death yak
 12547 | IceCv    | Noticed a death yak
 12550 | IceCv    | Noticed a death yak
 12562 | IceCv    | Killed a death yak
 12572 | IceCv    | Killed a death yak
 12573 | IceCv    | Reached skill level 11 in Summonings
 12578 | IceCv    | Killed a death yak
 12811 | IceCv    | Noticed a death yak
 12821 | IceCv    | Killed a death yak
 12900 | IceCv    | Noticed a death yak
 12901 | IceCv    | Noticed a death yak
 12921 | IceCv    | Killed a death yak
 12924 | IceCv    | Killed a death yak
 13027 | IceCv    | Noticed a death yak
 13027 | IceCv    | Noticed a frost giant
 13032 | IceCv    | Killed a death yak
 13032 | IceCv    | Killed a frost giant
 13317 | D:12     | Noticed Nergalle
 13360 | D:12     | Killed Nergalle
 13361 | D:12     | Reached skill level 12 in Summonings
 13361 | D:12     | Gained mutation: Your movements are less encumbered by
                  | armour. (ER -4) [demonic ancestry]
 13361 | D:12     | Reached XP level 13. HP: 73/106 MP: 21/23
 13442 | D:12     | Noticed Rupert
 13500 | Lair:1   | Entered Level 1 of the Lair of Beasts
 14235 | Lair:1   | Found a hide-covered altar of Uskayaw.
 14886 | Lair:1   | Bought 2 potions of cancellation for 272 gold pieces
 14886 | Lair:1   | Bought a potion of heal wounds for 85 gold pieces
 14886 | Lair:1   | Bought a potion of heal wounds for 85 gold pieces
 14963 | Lair:2   | Noticed Erica
 14973 | Lair:2   | Killed Erica
 15331 | Lair:2   | Found a blossoming altar of Fedhas.
 15786 | Lair:2   | Found a staircase to the Swamp.
 16163 | Lair:3   | Reached skill level 13 in Summonings
 16667 | Lair:3   | Found a hole to the Spider Nest.
 16964 | Lair:3   | Gained mutation: When hurt, damage is shared between your
                  | health and your magic reserves. [demonic ancestry]
 16964 | Lair:3   | Reached XP level 14. HP: 118/118 MP: 12/24
 19019 | Lair:4   | Reached skill level 5 in Armour
 19780 | Lair:5   | Entered Level 5 of the Lair of Beasts
 19780 | Lair:5   | Found a staircase to the Slime Pits.
 19780 | Lair:5   | Found a viscous altar of Jiyva.
 19864 | Lair:4   | Reached skill level 14 in Summonings
 20139 | Lair:5   | Reached skill level 10 in Translocations
 21298 | Lair:5   | Gained mutation: You have very sharp fingernails. [demonic
                  | ancestry]
 21298 | Lair:5   | Reached XP level 15. HP: 127/127 MP: 25/25
 21307 | Lair:5   | Learned a level 7 spell: Malign Gateway
 21359 | Lair:5   | Reached XP level 16. HP: 134/134 MP: 6/26
 22136 | D:12     | Killed Rupert
 22137 | D:12     | Reached skill level 15 in Summonings
 22807 | D:13     | Reached skill level 15 in Fighting
 23181 | D:13     | Found a gate to the Vaults.
 23820 | D:14     | Noticed Jorgrun
 23846 | D:14     | Killed Jorgrun
 24495 | D:15     | Entered Level 15 of the Dungeon
 24518 | D:15     | Found a staircase to the Depths.
 24544 | D:15     | Reached skill level 1 in Dodging
 25603 | Swamp:1  | Entered Level 1 of the Swamp
 25603 | Swamp:1  | Noticed Roxanne
 25648 | Swamp:1  | Reached skill level 16 in Summonings
 26252 | Swamp:1  | Killed Roxanne
 26687 | Swamp:2  | HP: 4/136 [eldritch tentacle[the player character] (6)]
 26690 | Swamp:2  | Killed from afar by an eleionoma

Illustrated notes

Levels and vault maps discovered:
D:1:      dpeg_arrival_renting, layout_loops_cross
D:2:      kennysheep_the_goblin_king, layout_basic,
          shapermc_ecumenical_altar_notcrosses
D:3:      layout_basic, general_overflow_altar, serial_corexii_hall,
          chequers_hall_statues_wall_a, chequers_hall_statues_corner_a,
          uniq_jessica, uniq_terence, uniq_natasha, uniq_ijyb
D:4:      layout_basic, lemuel_temple_firewalk_b, uniq_eustachio
D:5:      kennysheep_six_static_rooms, layout_basic, kennysheep_little_box,
          mainiacjoe_overflow_chevrons, hangedman_abyss_or_decor_passed
D:6:      layout_basic, mainiacjoe_overflow_six_doors_small,
          mainiacjoe_overflow_surrounded_room
D:7:      layout_rooms, fedhas_altar_3, marbit_many_paths, lemuel_flame_loot_1
D:8:      layout_basic, mainiacjoe_overflow_catwalk
D:9:      layout_rooms, zin_scriptorium, regret_index_xom_buried_treasure,
          nicolae_overflow_crystal_walls, gammafunk_ghost_split,
          supply_closet_lemuel, minmay_hollow_rounded_squares
D:10:     cheibrodos_orc_bank, layout_basic, erik_orc_1, kennysheep_dice
D:11:     layout_roguey, dpeg_lair_monsters, nicolae_shop_fire_sale
          [nicolae_sub_dead_trees], uniq_grum
D:12:     layout_roguey, portal_ice_cave_entry_pillars_1,
          nicolae_shop_overcharged_wands, uniq_rupert, uniq_nergalle
D:13:     layout_basic, david_vaults_1, elves_outpost_lemuel
D:14:     layout_roguey, minmay_hedge_maze, uniq_jorgrun
D:15:     hangedman_depths_entry_try_elsewhere_first, layout_basic,
          hangedman_decor_diamond_cutter
Lair:1:   layout_cave_pods, basic_altar
Lair:2:   wad_woods_stonehenge, layout_small_grid, minmay_swamp_entry_swarm,
          uniq_erica
Lair:3:   layout_gridlike, spider_nest_entry_webs
Lair:4:   regret_index_tunnel_blossom, layout_regular_city
Lair:5:   gammafunk_lair_ancient_temple, layout_concentric_octagons,
          slime_entry_1
Swamp:1:  nicolae_swamp_secret_spriggan_hideout, layout_basic_swamp,
          evilmike_swamp_ruin_house_4, uniq_roxanne
Swamp:2:  layout_falls_marsh, evilmike_swamp_ruin_house_3

Skill      XL: |  1  2  3  4  5  6  7  8  9 10 11 12 13 14 15 16 |
---------------+-------------------------------------------------+-----
Short Blades   | 1 2 4 |  4.0
Fighting       | 2 3 4 6 7 9 10 12 13 14 15 | 15.0
Spellcasting   | 3 4 6 7 |  7.5
Summonings     | 2 3 5 7 9 10 12 13 14 16 | 16.2
Ice Magic      | 1 3 4 |  4.0
Hexes          | 1 4 6 7 |  7.2
Translocations | 4 7 9 11 12 | 12.4
Armour         | 3 6 |  6.6
Dodging        | 3 |  3.7
Stealth        | |  3.6
Air Magic      | |  1.0

Action                     |  1- 3 |  4- 6 |  7- 9 | 10-12 | 13-15 | 16-18 || total
---------------------------+-------+-------+-------+-------+-------+-------++-------
  Melee: Dagger            |   125 |   181 |   534 |   119 |       |       ||   959
         Staff             |       |       |       |    76 |   249 |    76 ||   401
  Throw: Dart              |     1 |     5 |     3 |       |     2 |       ||    11
         Throwing net      |       |       |       |       |     1 |       ||     1
   Cast: Summon Ice Beast  |       |       |    38 |    50 |    83 |    17 ||   188
         Summon Mana Viper |       |       |     2 |    66 |   100 |    21 ||   189
         Shock             |       |       |     1 |       |       |       ||     1
         Monstrous Menager |       |       |       |       |    56 |    42 ||    98
         Malign Gateway    |       |       |       |       |     1 |    19 ||    20
 Invoke: Call Merchant     |       |       |       |     1 |     1 |       ||     2
         Potion Petition   |       |       |       |       |       |     3 ||     3
  Evoke: Wand              |       |       |     3 |     6 |     8 |     1 ||    18
    Use: Scroll            |       |     5 |     4 |    18 |    12 |     4 ||    43
         Potion            |       |       |       |     3 |     9 |     6 ||    18
   Stab: Sleeping          |     3 |     3 |     1 |       |       |       ||     7
         Invisible         |       |     1 |     1 |       |     2 |     2 ||     6
         Paralysed         |       |       |     2 |       |       |       ||     2
         Distracted        |       |       |     4 |     2 |     2 |       ||     8
         Petrified         |       |       |       |       |       |     2 ||     2
 Armour: Ring mail         |    74 |   108 |   434 |   351 |   654 |   259 ||  1880
  Dodge: Dodged            |    41 |    71 |   235 |   189 |   364 |   140 ||  1040

Table legend: (Time is in decaauts)
 A = Elapsed time spent in this place.
 B = Non-inter-level travel time spent in this place.
 C = Inter-level travel time spent in this place.
 D = Time resting spent in this place.
 E = Time spent auto-exploring this place.
 F = Levels seen in this place.
 G = Mean time per level.
                   A        B        C        D        E       F      G
               +--------+--------+--------+--------+--------+-----+--------+
         Total |  26801 |  25456 |   1345 |    689 |  18907 |  23 | 1165.3 |
       Dungeon |  16135 |  15224 |    911 |    344 |  11473 |  15 | 1075.7 |
          Lair |   8508 |   8082 |    426 |    343 |   5999 |   5 | 1701.6 |
         Swamp |   1160 |   1153 |      7 |      0 |    810 |   2 |  580.0 |
      Ice Cave |    997 |    997 |      0 |      2 |    624 |   1 |  997.0 |
               +--------+--------+--------+--------+--------+-----+--------+

Top non-repeatable levels by time:
  Lair:4: 2207 daAuts
  Lair:5: 1802 daAuts
  Lair:3: 1694 daAuts
    D:10: 1572 daAuts
  Lair:1: 1418 daAuts
  Lair:2: 1385 daAuts
     D:5: 1376 daAuts
     D:9: 1346 daAuts
    D:13: 1219 daAuts
     D:8: 1163 daAuts
 Swamp:1: 1103 daAuts
     D:4: 1077 daAuts
    D:11: 1064 daAuts
     D:3: 1051 daAuts
     D:2: 1022 daAuts
